 Dungeon Crawl Stone Soup version 0.28.0-53-g5a82cb258f (webtiles) character file.

Game seed: 9484419820820928284

11179 issech the Protected (level 11, 0/90 HPs)
             Began as a Minotaur Monk on May 25, 2022.
             Was a Priest of Hepliaklqana.
             Slain by Erolcha
             ... wielding a +0 giant spiked club
              (14 damage)
             ... on level 10 of the Dungeon.
             The game lasted 00:38:34 (8618 turns).

issech the Protected (Minotaur Monk)                Turns: 8618, Time: 00:38:34

Health: 0/90       AC: 25    Str: 15    XL:     11   Next: 45%
Magic:  10/10      EV:  7    Int:  7    God:    Hepliaklqana [***...]
Gold:   446        SH:  6    Dex: 18    Spells: 10/10 levels left

rFire   . . .      SeeInvis .   h - +3 mace (freeze)
rCold   . . .      Faith    .   S - +0 buckler
rNeg    . . .      Spirit   .   E - +0 plate armour
rPois   +          Reflect  .   (helmet restricted)
rElec   .          Harm     .   (no cloak)
rCorr   .          Rampage  .   N - +1 pair of gloves
Will    .....                   g - +2 pair of boots
Stlth   ..........              d - amulet of regeneration
HPRegen 1.05/turn               m - +4 ring of protection
MPRegen 0.12/turn               k - ring of poison resistance

@: no status effects
A: reduced essence, horns 2, retaliatory headbutt
a: Renounce Religion, Recall Ancestor, Ancestor Identity, Transference


You were on level 10 of the Dungeon.
You worshipped Hepliaklqana.
Hepliaklqana was most pleased with you.
You visited 2 branches of the dungeon, and saw 11 of its levels.

You collected 446 gold pieces.

Inventory:

Hand Weapons
 f - a +0 shortbow
 h - a +3 mace of freezing (weapon)
 i - a +2 antimagic whip
 t - a +3 whip of venom
 w - a +2 dagger of freezing
 A - a +0 short sword of flaming
 L - a +2 dire flail of pain
 W - a +2 spear of freezing
Missiles
 c - 275 stones (quivered)
 n - 52 sling bullets
 q - 5 datura-tipped darts
 x - 2 boomerangs
 R - 26 poisoned darts
 U - 13 curare-tipped darts
 X - 62 arrows
Armour
 g - a +2 pair of boots (worn)
 E - a +0 plate armour (worn)
 I - a +0 pair of gloves
 M - a +2 leather armour of willpower
 N - a +1 pair of gloves (worn)
 S - a +0 buckler (worn)
Jewellery
 d - an amulet of regeneration (around neck)
 k - a ring of poison resistance (right hand)
 m - a +4 ring of protection (left hand)
 r - a ring of see invisible
 y - a ring of protection from fire
 B - an amulet of magic regeneration
 J - an amulet of guardian spirit
 T - a ring of magical power
Wands
 a - a wand of paralysis (10)
 e - a wand of iceblast (8)
 o - a wand of acid (10)
 K - a wand of polymorph (3)
Scrolls
 l - a scroll of brand weapon
 p - a scroll of enchant weapon
 s - 2 scrolls of fog
 v - a scroll of summoning
 O - a scroll of holy word
 P - a scroll of enchant armour
 Q - 3 scrolls of teleportation {unknown}
 V - a scroll of amnesia {unknown}
 Y - a scroll of vulnerability {unknown}
 Z - 5 scrolls of noise {unknown}
Potions
 b - 2 potions of degeneration {unknown}
 j - 2 potions of haste {unknown}
 u - a potion of experience {unknown}
 z - 2 potions of invisibility {unknown}
 C - 4 potions of curing {unknown}
 D - 3 potions of mutation {unknown}
 F - a potion of flight {unknown}
 G - a potion of berserk rage {unknown}
 H - 2 potions of might


   Skills:
 + Level 10.4 Fighting
 + Level 7.8(10.7) Axes
 + Level 11.3(12.3) Maces & Flails
 + Level 1.6 Throwing
 + Level 12.3 Armour
 + Level 4.9 Dodging
 + Level 2.5 Stealth
 + Level 4.5 Shields


You had 10 spell levels left.
You didn't know any spells.
Your spell library contained the following spells:

 Spells                   Type           Power      Damage    Failure   Level
 Animate Skeleton         Necr           0%         N/A       100%        1
 Magic Dart               Conj           0%         1d3       100%        1
 Call Imp                 Summ           0%         N/A       100%        2
 Searing Ray              Conj           0%         2d4       100%        2
 Inner Flame              Hex/Fire       0%         N/A       100%        3
 Cause Fear               Hex            0%         N/A       100%        4
 Fulminant Prism          Conj/Hex       0%         3d6       100%        4
 Summon Forest            Summ/Tloc      0%         N/A       100%        5
 Discord                  Hex            0%         N/A       100%        8
 Death's Door             Necr           0%         N/A       100%        9


Dungeon Overview and Level Annotations

Branches:
Dungeon (10/15)            Temple (1/1) D:7            Lair (0/6) D:10
    Orc (0/2) D:10

Altars:
Ashenzari
Dithmenos
Fedhas
Gozag
Hepliaklqana
Kikubaaqudgha
Nemelex Xobeh
Okawaru
Qazlal
Ru
Trog
Uskayaw
Vehumet
Wu Jian
Xom
The Shining One

Annotations:
D:10 Erolcha


Innate Abilities, Weirdness & Mutations

Your life essence is reduced to manifest your ancestor. (-10% HP)
You have a pair of horns on your head.
You reflexively headbutt those who attack you in melee.


Message History

The sun demon hits you but does no damage.
The kobold demonologist looks braver for a moment.
The soul eater barely misses you.
The crimson imp hits you but does no damage.
You hit the kobold demonologist. You freeze the kobold demonologist.
You headbutt the kobold demonologist!
The kobold demonologist is severely wounded.
The sun demon hits you but does no damage.
The crimson imp blinks!
The kobold demonologist looks braver for a moment.
The soul eater hits you but does no damage.
The crimson imp hits you but does no damage.
You hit the kobold demonologist. You freeze the kobold demonologist.
You headbutt the kobold demonologist.
The kobold demonologist is severely wounded.
The sun demon hits you but does no damage.
You block the soul eater's attack.
The kobold demonologist hits you but does no damage.
You barely miss the kobold demonologist.
The kobold demonologist is severely wounded.
The crimson imp hits you but does no damage.
The sun demon hits you.
You are engulfed in flames!
* * * LOW HITPOINT WARNING * * *
You hit the kobold demonologist. You freeze the kobold demonologist.
You kill the kobold demonologist!
The soul eater disappears in a puff of smoke!
The sun demon disappears in a puff of smoke!
The crimson imp disappears in a puff of smoke!
The white imp disappears in a puff of smoke!
The crimson imp disappears in a puff of smoke!
You barely miss something. Something hits you but does no damage.
You sock something! You freeze something.
Something hits you but does no damage.
You hit something but do no damage. Something hits you!
* * * LOW HITPOINT WARNING * * *
You hit something. You freeze something. Something hits you but does no damage.
You hit something but do no damage. You sock something! You freeze something.
You headbutt something. Something hits you!
You die...

.........#
......(............#
...................#
...#..............#
#................####
#...................>
#...............#####
#...............#...
#...@....######'#.#
#..){.............#
#.................#
#...###...........# ...##
#...........#
..#.#######.......#.# ....
......>.......#.#
..###.#..........#.......#.#
#.....#..........#.......#.#


There were no monsters in sight!

Vanquished Creatures
  3 skeletal warriors (D:7)
  A centaur zombie (D:10)
  A kobold demonologist (D:10)
  Grinder (D:3)
  Sigmund (D:3)
  8 yaks
  A wraith (D:9)
  A wyvern (D:9)
  Menkaure (D:6)
  Edmund (D:6)
  3 water moccasins
  An acid dragon (D:9)
  An orc warrior (D:7)
  2 black bears
  2 ice beasts
  2 centaurs (D:9)
  A phantom (D:5)
  3 kobold brigands
  4 bullfrogs
  A scorpion (D:5)
  A wyvern skeleton (D:7)
  5 wights (D:7)
  4 howler monkeys (D:9)
  An orc priest (D:4)
  A centaur skeleton (D:6)
  2 gnoll shamans
  A hound (D:7)
  A bullfrog skeleton (D:5)
  Natasha (thrice) (D:2)
  An iguana (D:4)
  4 orc wizards
  Ijyb (D:4)
  A hound skeleton (D:5)
  Robin (D:2)
  5 adders
  10 gnolls
  A shadow imp (D:5)
  A white imp (D:6)
  An ufetubus (D:3)
  An adder skeleton (D:4)
  3 dart slugs
  11 orcs
  5 ball pythons
  4 bats
  4 endoplasms
  4 giant cockroaches
  14 goblins
  9 hobgoblins
  2 jackals (D:3)
  5 quokkas
  2 frilled lizards
  13 kobolds
  3 rats
164 creatures vanquished.

Vanquished Creatures (collateral kills)
  A hydra (D:9)
  Erica (D:8)
  2 skeletal warriors (D:8)
  2 cyclopes
  3 yaks
  2 orc warriors
  A centaur (D:9)
  3 killer bees (D:8)
  5 wights
  5 howler monkeys
  A centaur zombie (D:9)
  A shadow imp (D:7)
  An orc (D:8)
  A kobold (D:8)
29 creatures vanquished.

Vanquished Creatures (others)
  3 battlemagi
3 creatures vanquished.

Grand Total: 196 creatures vanquished

Notes
Turn   | Place    | Note
-------+----------+-------------------------------------------
     0 | D:1      | issech the Minotaur Monk began the quest for the Orb.
     0 | D:1      | Reached XP level 1. HP: 19/19 MP: 0/0
   106 | D:1      | Found a faded altar of an unknown god.
   114 | D:1      | Reached XP level 2. HP: 26/27 MP: 1/1
   729 | D:2      | Reached XP level 3. HP: 33/33 MP: 2/2
   764 | D:2      | Noticed Robin
   797 | D:2      | Killed Robin
   798 | D:2      | Reached XP level 4. HP: 41/41 MP: 3/3
   840 | D:2      | Noticed Natasha
   849 | D:2      | Killed Natasha
   911 | D:2      | Found an ornate altar of the Wu Jian Council.
   924 | D:2      | Reached skill level 5 in Axes
  1067 | D:2      | Noticed Natasha
  1075 | D:2      | Killed Natasha
  1076 | D:2      | Reached skill level 1 in Armour
  1198 | D:2      | Noticed Natasha
  1206 | D:2      | Killed Natasha
  1207 | D:2      | Reached XP level 5. HP: 40/47 MP: 4/4
  1432 | D:3      | Noticed Sigmund
  1452 | D:3      | Killed Sigmund
  1453 | D:3      | Reached skill level 5 in Fighting
  1453 | D:3      | Reached skill level 2 in Armour
  1453 | D:3      | Reached XP level 6. HP: 48/56 MP: 5/5
  2051 | D:3      | Noticed Grinder
  2055 | D:3      | Paralysed by Grinder for 5 turns
  2078 | D:3      | Killed Grinder
  2079 | D:3      | Reached skill level 3 in Armour
  2079 | D:3      | Reached XP level 7. HP: 62/62 MP: 6/6
  2895 | D:4      | Reached skill level 4 in Armour
  2990 | D:4      | Reached skill level 1 in Maces & Flails
  3068 | D:4      | Noticed Ijyb
  3077 | D:4      | Paralysed by Ijyb for 7 turns
  3078 | D:4      | Killed Ijyb
  3579 | D:5      | Entered Level 5 of the Dungeon
  3603 | D:5      | Reached skill level 5 in Armour
  3950 | D:5      | Reached skill level 6 in Armour
  3950 | D:5      | Reached XP level 8. HP: 70/70 MP: 7/7
  4263 | D:6      | Noticed Edmund
  4479 | D:6      | Killed Edmund
  4598 | D:6      | Noticed Menkaure
  4611 | D:6      | Killed Menkaure
  4636 | D:6      | Reached skill level 7 in Armour
  4700 | D:6      | Reached skill level 5 in Maces & Flails
  4765 | D:6      | Reached XP level 9. HP: 60/79 MP: 8/8
  5070 | D:6      | Found an iron altar of Okawaru.
  5285 | D:7      | Found a hide-covered altar of Uskayaw.
  5312 | D:7      | Reached skill level 8 in Armour
  5665 | D:7      | Found a glowing golden altar of the Shining One.
  5752 | D:7      | Found a staircase to the Ecumenical Temple.
  5770 | Temple   | Entered the Ecumenical Temple
  5903 | Temple   | Became a worshipper of Hepliaklqana the Forgotten
  5903 | Temple   | Reached * piety under Hepliaklqana
  5903 | Temple   | Reached ** piety under Hepliaklqana
  5904 | Temple   | Remembered your ancestor Zimri-Dagan as a battlemage
  6327 | D:8      | Noticed Erica
  6330 | D:8      | Reached skill level 9 in Armour
  6334 | D:8      | Killed Erica
  6424 | D:8      | Reached XP level 10. HP: 81/81 MP: 9/9
  6431 | D:8      | Noticed a cyclops
  6439 | D:8      | Killed a cyclops
  6576 | D:8      | Noticed a skeletal warrior
  6581 | D:8      | Noticed a skeletal warrior
  6581 | D:8      | Noticed a skeletal warrior
  6590 | D:8      | Noticed a skeletal warrior
  6592 | D:8      | Killed a skeletal warrior
  6592 | D:8      | Noticed a skeletal warrior
  6593 | D:8      | Reached skill level 10 in Armour
  6593 | D:8      | Reached skill level 1 in Shields
  6657 | D:7      | Killed a skeletal warrior
  6757 | D:7      | Killed a skeletal warrior
  6758 | D:7      | Reached skill level 1 in Throwing
  6762 | D:7      | Killed a skeletal warrior
  6763 | D:7      | Reached skill level 10 in Maces & Flails
  6763 | D:7      | Reached skill level 11 in Armour
  6831 | D:8      | Killed a skeletal warrior
  6900 | D:8      | Identified the +1 robe "Viubrec" {MP+9}
  6970 | D:8      | Got the Incunabulum of the Ghastly Entourage
  7173 | D:9      | Noticed a seven-headed hydra
  7179 | D:9      | Killed a seven-headed hydra
  7180 | D:9      | Reached XP level 11. HP: 89/89 MP: 10/10
  7222 | D:9      | Reached skill level 10 in Fighting
  7415 | D:9      | Reached skill level 12 in Armour
  7415 | D:9      | Noticed a frost giant
  7620 | D:9      | Found an ancient bone altar of Kikubaaqudgha.
  7695 | D:9      | Reached *** piety under Hepliaklqana
  7989 | D:9      | Found a shimmering altar of Xom.
  8286 | D:9      | Found a shadowy altar of Dithmenos.
  8320 | D:10     | Entered Level 10 of the Dungeon
  8327 | D:10     | Found a staircase to the Orcish Mines.
  8465 | D:10     | Found a staircase to the Lair.
  8562 | D:10     | Noticed Erolcha
  8597 | D:10     | Noticed a sun demon
  8603 | D:10     | Noticed a soul eater
  8618 | D:10     | Slain by Erolcha

Illustrated notes

Levels and vault maps discovered:
D:1:      zelgadis_glass_arrival_small, layout_loops_cross,
          ebering_ecumenical_altar_mist
D:2:      layout_rooms, basic_altar, grunt_ministairs_3,
          chequers_serial_rivers_micro_c, minmay_misc_feat_encased,
          uniq_natasha, uniq_robin
D:3:      layout_basic, minivault_25, uniq_sigmund, uniq_grinder
D:4:      layout_gridville, solitary_fountain, grunt_ministairs_5, uniq_ijyb
D:5:      layout_basic
D:6:      layout_cave_pools, mainiacjoe_overflow_tiny_flanked, uniq_menkaure,
          uniq_edmund
D:7:      layout_cave_pools, nicolae_tso_swordbearing_angel,
          nicolae_uskayaw_dance_hall, lemuel_temple_firewalk_b
D:8:      layout_rooms, minivault_10, uniq_erica
D:9:      minmay_opposing_rooms, layout_layer_cave,
          nicolae_kikubaaqudgha_miasma_corner, mainiacjoe_overflow_swirl,
          wad_dig_loot
D:10:     layout_basic, minitemple, orc_0_dummy, lightli_wizard_tower,
          uniq_maurice, uniq_grum, uniq_erolcha, uniq_maggie
Temple:   nicolae_temple_figure_zero

Skill      XL: |  1  2  3  4  5  6  7  8  9 10 11 |
---------------+----------------------------------+-----
Fighting       | 4 5 6 7 8 9 10 | 10.4
Axes           | 4 5 6 7 |  7.8
Dodging        | 4 |  4.9
Armour         | 1 2 3 6 7 9 11 12 | 12.3
Maces & Flails | 2 6 8 10 11 | 11.3
Stealth        | 2 |  2.5
Shields        | 3 4 |  4.5
Throwing       | 1 |  1.6

Action                   |  1- 3 |  4- 6 |  7- 9 | 10-12 || total
-------------------------+-------+-------+-------+-------++-------
Melee: Hand axe          |    81 |    97 |    97 |       ||   275
       Headbutt          |    17 |    16 |    86 |    50 ||   169
       Punch             |     1 |     1 |     8 |       ||    10
       Whip              |       |       |   212 |       ||   212
       Dire flail        |       |       |    28 |       ||    28
       Mace              |       |       |    20 |   177 ||   197
Throw: Stone             |       |       |     4 |     6 ||    10
Invok: Ancestor Life: Ba |       |       |     1 |       ||     1
  Use: Scroll            |       |       |       |     7 ||     7
 Stab: Distracted        |       |       |       |     2 ||     2
Armor: Robe              |     3 |       |       |       ||     3
       Chain mail        |    40 |    10 |       |       ||    50
       Plate armour      |       |    38 |   192 |   168 ||   398
       Skin              |       |       |     3 |       ||     3
Dodge: Dodged            |    46 |    23 |    84 |    55 ||   208
Block: Buckler           |       |       |     6 |    53 ||    59
